 Dungeon Crawl Stone Soup version 0.30-a0-557-ge2afbf3030 (webtiles) character file.

Game seed: 12354837336378814732

3586 billz999 the Skirmisher (level 10, -19/79 HPs)
             Began as a Gnoll Hunter on Dec 27, 2022.
             Was an Initiate of Gozag.
             Engulfed by a steam dragon's steam (26 damage)
             ... on level 8 of the Dungeon.
             The game lasted 00:15:48 (6734 turns).

billz999 the Skirmisher (Gnoll Hunter)              Turns: 6734, Time: 00:15:48

Health: -19/79     AC: 27    Str: 13    XL:     10   Next: 10%
Magic:  17/17      EV:  7    Int:  9    God:    Gozag
Gold:   552        SH:  0    Dex: 28    Spells: 19/19 levels left

rFire   x . .      SeeInvis .    a - +1 shortbow
rCold   . . .      Faith    .    (shield currently unavailable)
rNeg    . . .      Spirit   .    n - +9 plate armour of Indemnity {Dex+5}
rPois   +          Reflect  .    (no helmet)
rElec   +          Harm     .    u - +2 cloak "Zuqemesk" {+Inv rElec rF- Str-5 Dex+5}
rCorr   .          Rampage  .    (no gloves)
Will    .....                    s - +0 pair of boots Stlth
                                 (no amulet)
HPRegen 0.33/turn                r - +6 ring of strength
MPRegen 0.15/turn                k - ring of poison resistance

@: gold aura
A: fangs 1, strong nose, distributed training, iridescent scales 1
a: Renounce Religion, Evoke Invisibility, Potion Petition, Call Merchant, Bribe
Branch


You were on level 8 of the Dungeon.
You worshipped Gozag.
Gozag was pleased with you.
You visited 2 branches of the dungeon, and saw 9 of its levels.
You also visited: Sewer.

You collected 667 gold pieces.
You paid 115 gold pieces to Gozag.

Inventory:

Hand Weapons
 a - a +1 shortbow (weapon)
 g - a +0 dagger of venom
Missiles
 m - a throwing net
Armour
 c - a +1 leather armour
 n - the +9 plate armour of Indemnity (worn) {Dex+5}
   (You found it on level 4 of the Dungeon)

   Dex:       It affects your dexterity (+5).
 s - a +0 pair of boots (worn)
 u - the +2 cloak "Zuqemesk" (worn) {+Inv rElec rF- Str-5 Dex+5}
   (You found it on level 5 of the Dungeon)

   Str:       It affects your strength (-5).
   Dex:       It affects your dexterity (+5).
   rF:        It makes you vulnerable to fire.
   rElec:     It insulates you from electricity.
   +Inv:      It lets you turn invisible.
Jewellery
 h - a ring of fire
 k - a ring of poison resistance (right hand)
 r - a +6 ring of strength (left hand)
Wands
 p - a wand of paralysis (4)
 t - a wand of polymorph (9)
 x - a wand of quicksilver (6)
 y - a wand of digging (5)
Scrolls
 b - 2 scrolls of immolation
 d - 7 scrolls of identify
 e - a scroll of teleportation
 i - 2 scrolls of enchant weapon
 o - a scroll of amnesia
 w - a scroll of silence
Potions
 f - 2 potions of curing
 j - 7 potions of flight
 l - a potion of cancellation
 q - 2 potions of might {unknown}
 v - 2 potions of attraction {unknown}


   Skills:
 + Level 7.0 Fighting
 + Level 5.1 Short Blades
 + Level 5.1 Long Blades
 + Level 5.1 Axes
 + Level 5.1 Maces & Flails
 + Level 5.1 Polearms
 + Level 5.1 Staves
 + Level 10.0 Ranged Weapons
 + Level 5.1 Throwing
 + Level 5.1 Armour
 + Level 7.0 Dodging
 + Level 5.7 Stealth
 + Level 5.1 Shields
 + Level 5.1 Unarmed Combat
 + Level 5.1 Spellcasting
 + Level 4.2 Conjurations
 + Level 4.2 Hexes
 + Level 4.2 Summonings
 + Level 4.2 Necromancy
 + Level 4.2 Translocations
 + Level 4.2 Transmutations
 + Level 4.2 Fire Magic
 + Level 4.2 Ice Magic
 + Level 4.2 Air Magic
 + Level 4.2 Earth Magic
 + Level 4.2 Poison Magic
 + Level 5.6 Invocations
 + Level 5.1 Evocations


You had 19 spell levels left.
You didn't know any spells.
Your spell library contained the following spells:

 Spells                   Type           Power      Damage    Failure   Level
 Shock                    Conj/Air       36%        1d5       99%         1
 Cigotuvi's Dreadful Rot  Necr/Pois/Air  18%        N/A       100%        2
 Poisonous Vapours        Pois/Air       18%        N/A       100%        2
 Mephitic Cloud           Conj/Pois/Air  9%         N/A       100%        3
 Swiftness                Air            9%         N/A       100%        3
 Airstrike                Air            4%         2d(1-17)  100%        4
 Anguish                  Hex/Necr       4%         N/A       100%        4
 Enfeeble                 Hex            4%         N/A       100%        7


Dungeon Overview and Level Annotations

Branches:
Dungeon (8/15)             Temple (1/1) D:5           Sewer (visited)
   Lair: D:8-11

Altars:
Ashenzari
Cheibriados
Dithmenos
Elyvilon
Fedhas
Gozag
Hepliaklqana
Kikubaaqudgha
Makhleb
Nemelex Xobeh
Okawaru
Ru
Sif Muna
Trog
Vehumet
Wu Jian
Xom
Yredelemnul
Zin
The Shining One

Shops:
D:4 ==?*


Innate Abilities, Weirdness & Mutations

You have very sharp teeth.
Your uncanny sense of smell can sniff out nearby items.
Your experience applies equally to all skills.
You are partially covered in iridescent scales. (AC +2)


Message History

Press: ? - help, Shift-Dir - straight line, f/p - steam dragon
Aim: a steam dragon (lightly wounded, unaware, hasn't noticed you, 73% to hit)
You shoot an arrow. The steam dragon hisses angrily.
The arrow hits the steam dragon.
The steam dragon is no longer distracted by gold.
The steam dragon is moderately wounded.
The steam dragon bites you but does no damage.
The steam dragon claws you but does no damage.
The steam dragon bites you.
The steam dragon claws you but does no damage.
Aiming: Quicksilver Bolt
Press: ? - help, Shift-Dir - straight line, f/p - steam dragon
Aim: a steam dragon (moderately wounded, 74% to hit)
The bolt of dispelling energy hits the steam dragon!!
The steam dragon is almost dead.
The bolt of dispelling energy hits the bullfrog!!
The bullfrog is almost dead.
The steam dragon bites you but does no damage.
The steam dragon closely misses you.
You shoot an arrow.
The arrow barely misses the steam dragon.
The arrow hits the bullfrog!
You kill the bullfrog!
The steam dragon bites you but does no damage.
The steam dragon barely misses you.
Your Fighting skill increases to level 7!
Your Dodging skill increases to level 7!
You shoot an arrow.
The arrow closely misses the steam dragon.
The steam dragon breathes steam at you. The ball of steam hits you!!
The steam scalds you terribly!
* * * LOW HITPOINT WARNING * * *
The steam dragon barely misses you. The steam dragon closely misses you.
You hear a shout!
You shoot an arrow.
The arrow closely misses the steam dragon.
You are engulfed in a cloud of scalding steam.
You die...
Your body crumbles into a pile of gold.

g.c##?$##..?[
c...##....#
...##....
......# .....
#..# #..##
#####...#
#ยงยง@D$..##.##
#.###........
####.###......##
#.......#######
#.##.##.# #.##.#
# #.##.##
.###.##)#...####
...............+


You could see a steam dragon.

Vanquished Creatures
  Pikel (D:6)
  Grinder (D:5)
  A wyvern (D:8)
  Eustachio (D:6)
  2 water moccasins (D:5)
  An acid dragon (D:8)
  An orc warrior (D:8)
  2 sky beasts (D:7)
  2 black bears
  An ice beast (D:7)
  2 centaurs (D:8)
  2 ogres
  A lemure (D:6)
  3 bullfrogs
  Blork the orc (D:5)
  9 killer bees (D:7)
  2 howler monkeys
  5 hounds
  2 jellies (D:6)
  Natasha (twice) (D:2)
  A gnoll bouda (D:8)
  2 iguanas
  An orc wizard (D:7)
  7 gnolls
  5 river rats (Sewer)
  14 adders
  A white imp (D:7)
  3 worms
  2 dart slugs
  16 orcs
  8 endoplasms
  6 giant cockroaches
  7 hobgoblins
  21 jackals
  5 quokkas
  15 ball pythons
  9 bats
  6 frilled lizards
  10 goblins
  4 kobolds
  5 rats
190 creatures vanquished.

Notes
Turn   | Place    | Note
-------+----------+-------------------------------------------
     0 | D:1      | billz999 the Gnoll Hunter began the quest for the Orb.
     0 | D:1      | Reached XP level 1. HP: 20/20 MP: 1/1
    47 | D:1      | Reached XP level 2. HP: 26/26 MP: 2/2
   194 | D:1      | Reached XP level 3. HP: 31/31 MP: 3/3
   358 | D:1      | Reached skill level 1 in Invocations
   597 | D:2      | Reached skill level 1 in Short Blades
   597 | D:2      | Reached skill level 1 in Long Blades
   597 | D:2      | Reached skill level 1 in Axes
   597 | D:2      | Reached skill level 1 in Maces & Flails
   597 | D:2      | Reached skill level 1 in Polearms
   597 | D:2      | Reached skill level 1 in Staves
   597 | D:2      | Reached skill level 1 in Throwing
   597 | D:2      | Reached skill level 1 in Armour
   597 | D:2      | Reached skill level 1 in Shields
   597 | D:2      | Reached skill level 1 in Unarmed Combat
   597 | D:2      | Reached skill level 1 in Spellcasting
   597 | D:2      | Reached skill level 1 in Evocations
   597 | D:2      | Reached XP level 4. HP: 38/38 MP: 5/5
   640 | D:2      | Reached skill level 1 in Conjurations
   640 | D:2      | Reached skill level 1 in Hexes
   640 | D:2      | Reached skill level 1 in Summonings
   640 | D:2      | Reached skill level 1 in Necromancy
   640 | D:2      | Reached skill level 1 in Translocations
   640 | D:2      | Reached skill level 1 in Transmutations
   640 | D:2      | Reached skill level 1 in Fire Magic
   640 | D:2      | Reached skill level 1 in Ice Magic
   640 | D:2      | Reached skill level 1 in Air Magic
   640 | D:2      | Reached skill level 1 in Earth Magic
   640 | D:2      | Reached skill level 1 in Poison Magic
   818 | D:2      | Noticed Natasha
   821 | D:2      | Killed Natasha
   822 | D:2      | Reached XP level 5. HP: 31/43 MP: 5/7
  1129 | D:2      | Noticed Natasha
  1138 | D:2      | Killed Natasha
  1286 | D:3      | Found a glowing drain.
  1311 | Sewer    | Entered a sewer
  1472 | Sewer    | Reached XP level 6. HP: 50/50 MP: 8/8
  1648 | Sewer    | Reached skill level 5 in Fighting
  1648 | Sewer    | Reached skill level 5 in Dodging
  2360 | D:3      | You fall into a shaft and drop 3 floors!
  2363 | D:6      | Noticed Eustachio
  2396 | D:6      | Reached XP level 7. HP: 29/56 MP: 10/10
  2421 | D:6      | Gained mutation: You are partially covered in iridescent
                  | scales. (AC +2) [potion of mutation]
  2429 | D:6      | Killed Eustachio
  2613 | D:5      | Entered Level 5 of the Dungeon
  2635 | D:4      | Reached skill level 9 in Ranged Weapons
  2842 | D:4      | Found Toiliat's Magic Scroll Boutique.
  2849 | D:4      | Found Qet Hefaemm's Jewellery Shop.
  2851 | D:4      | Found Zuvin's Jewellery Boutique.
  2858 | D:4      | Found Houfuac's Assorted Antiques.
  3035 | D:4      | Identified the +9 plate armour of Indemnity {Dex+5}
  3408 | D:5      | Found a staircase to the Ecumenical Temple.
  3411 | D:5      | Noticed Blork the orc
  3416 | D:5      | Killed Blork the orc
  3598 | D:5      | Reached XP level 8. HP: 63/63 MP: 12/12
  3601 | Temple   | Entered the Ecumenical Temple
  3760 | Temple   | Became a worshipper of Gozag Ym Sagoz the Greedy
  3859 | D:5      | Identified the +2 cloak "Zuqemesk" {+Inv rElec rF- Str-5
                  | Dex+5}
  3960 | D:5      | Noticed Edmund
  3993 | D:4      | Noticed Edmund
  3997 | D:4      | Killed Edmund the bullfrog
  4179 | D:5      | Found a shimmering blue altar of Sif Muna.
  4179 | D:5      | Found an ornate altar of the Wu Jian Council.
  4267 | D:5      | Noticed Grinder
  4272 | D:5      | Paralysed by Grinder for 4 turns
  4281 | D:5      | Killed Grinder
  5072 | D:6      | Found a bloodstained altar of Trog.
  5439 | D:6      | Noticed Pikel
  5446 | D:6      | Killed Pikel
  5447 | D:6      | Reached XP level 9. HP: 69/69 MP: 13/15
  5681 | D:7      | Reached skill level 5 in Stealth
  5811 | D:7      | Reached skill level 5 in Invocations
  6726 | D:8      | Reached skill level 5 in Short Blades
  6726 | D:8      | Reached skill level 5 in Long Blades
  6726 | D:8      | Reached skill level 5 in Axes
  6726 | D:8      | Reached skill level 5 in Maces & Flails
  6726 | D:8      | Reached skill level 5 in Polearms
  6726 | D:8      | Reached skill level 5 in Staves
  6726 | D:8      | Reached skill level 5 in Throwing
  6726 | D:8      | Reached skill level 5 in Armour
  6726 | D:8      | Reached skill level 5 in Shields
  6726 | D:8      | Reached skill level 5 in Unarmed Combat
  6726 | D:8      | Reached skill level 5 in Spellcasting
  6726 | D:8      | Reached skill level 5 in Evocations
  6726 | D:8      | Reached XP level 10. HP: 40/77 MP: 17/17
  6728 | D:8      | Reached skill level 10 in Ranged Weapons
  6734 | D:8      | Engulfed by a steam dragon's steam

Illustrated notes

Levels and vault maps discovered:
D:1:      minmay_arrival_doors, layout_rooms, minmay_octomino_e4
D:2:      layout_basic, minmay_misc_feat_enclosed, uniq_natasha
D:3:      layout_loops_ring, gup_sewer_entry_glass
D:4:      layout_rooms, serial_shops, nicolae_lakefront_shop, shop,
          shop_scrolls, shop_statue, minmay_between
D:5:      layout_basic, gammafunk_temple_overflow_wave, temple_fountains,
          kennysheep_small_spiral, uniq_grinder, uniq_edmund, uniq_blork_the_orc
D:6:      layout_basic, mainiacjoe_overflow_24_doors, minivault_27, uniq_pikel,
          uniq_eustachio
D:7:      layout_basic
D:8:      minmay_bloctagon, layout_loops_corners,
          nicolae_qazlal_scattered_showers
Temple:   minmay_crystal_spiral_temple

Skill      XL: |  1  2  3  4  5  6  7  8  9 10 |
---------------+-------------------------------+-----
Invocations    | 1 2 3 4 5 |  5.6
Short Blades   | 1 2 3 4 5 |  5.1
Long Blades    | 1 2 3 4 5 |  5.1
Axes           | 1 2 3 4 5 |  5.1
Maces & Flails | 1 2 3 4 5 |  5.1
Polearms       | 1 2 3 4 5 |  5.1
Staves         | 1 2 3 4 5 |  5.1
Throwing       | 1 2 3 4 5 |  5.1
Armour         | 1 2 3 4 5 |  5.1
Shields        | 1 2 3 4 5 |  5.1
Unarmed Combat | 1 2 3 4 5 |  5.1
Spellcasting   | 1 2 3 4 5 |  5.1
Evocations     | 1 2 3 4 5 |  5.1
Conjurations   | 1 2 3 4 |  4.2
Hexes          | 1 2 3 4 |  4.2
Summonings     | 1 2 3 4 |  4.2
Necromancy     | 1 2 3 4 |  4.2
Translocations | 1 2 3 4 |  4.2
Transmutations | 1 2 3 4 |  4.2
Fire Magic     | 1 2 3 4 |  4.2
Ice Magic      | 1 2 3 4 |  4.2
Air Magic      | 1 2 3 4 |  4.2
Earth Magic    | 1 2 3 4 |  4.2
Poison Magic   | 1 2 3 4 |  4.2
Stealth        | 3 4 5 |  5.7
Fighting       | 5 6 7 |  7.0
Dodging        | 5 6 7 |  7.0
Ranged Weapons | 9 10 | 10.0

Action                   |  1- 3 |  4- 6 |  7- 9 | 10-12 || total
-------------------------+-------+-------+-------+-------++-------
Melee: Dagger            |     4 |   115 |    46 |       ||   165
       Bite              |       |    12 |     7 |       ||    19
       Punch             |       |       |     1 |       ||     1
       Shortbow          |       |       |     2 |       ||     2
 Fire: Shortbow          |    67 |   119 |   287 |     6 ||   479
Evoke: Wand              |       |       |     2 |     3 ||     5
  Use: Scroll            |     3 |     7 |     5 |       ||    15
       Potion            |       |       |     7 |       ||     7
 Stab: Distracted        |       |     1 |       |       ||     1
Armor: Leather armour    |     4 |    32 |    29 |       ||    65
       Plate armour      |       |       |   249 |     6 ||   255
Dodge: Dodged            |    22 |   142 |   171 |     4 ||   339

Table legend: (Time is in decaauts)
 A = Elapsed time spent in this place.
 B = Non-inter-level travel time spent in this place.
 C = Inter-level travel time spent in this place.
 D = Time resting spent in this place.
 E = Time spent auto-exploring this place.
 F = Levels seen in this place.
 G = Mean time per level.
                   A        B        C        D        E       F      G
               +--------+--------+--------+--------+--------+-----+--------+
         Total |   7140 |   6673 |    467 |    683 |   4460 |  10 |  714.0 |
       Dungeon |   5802 |   5421 |    381 |    567 |   3673 |   8 |  725.2 |
        Temple |    213 |    127 |     86 |      0 |    111 |   1 |  213.0 |
         Sewer |   1123 |   1123 |      0 |    116 |    675 |   1 | 1123.0 |
               +--------+--------+--------+--------+--------+-----+--------+

Top non-repeatable levels by time:
     D:5: 1222 daAuts
     D:7: 1147 daAuts
   Sewer: 1123 daAuts
     D:6: 944 daAuts
     D:4: 806 daAuts
     D:2: 679 daAuts
     D:1: 538 daAuts
     D:3: 393 daAuts
  Temple: 213 daAuts
     D:8: 70 daAuts
